[Event "*** Titled Tuesday Blitz"]
[Site "Chess.com"]
[Date "2021.03.02"]
[Round "6"]
[White "Atco84"]
[Black "DonPreuss"]
[Result "0-1"]
[WhiteElo "2413"]
[BlackElo "2304"]
[TimeControl "180+1"]
[EndTime "11:07:13 PST"]
[Termination "DonPreuss won by resignation"]

1. b3 Nc6 2. Bb2 e5 3. Nf3 d6 4.
c4 g6 5. e3 Bg7 6. d4 e4 7. Nfd2 f5 8. a3 Nge7 9. b4 O-O 10. b5 Nb8 11. Nc3 c6 12. a4 g5 13.
h4 g4 14. h5 g3 15. fxg3 Bh6 16. Qe2 d5 17. Ba3 Be6 18. cxd5 cxd5 19. Nb3 b6 20. O-O-O Kh8 21. Kb2 Rg8 22. Qf2 Nc8 23. Ne2 Nd6 24. Nf4 Bf7 25. Rc1 a6 26. Bb4 axb5 27. axb5 Ra4 28. Be1 Qd7 29. Ra1 Rxa1 30. Kxa1 Nxb5 31.
Qa2 Nd6 32. Kb2 Nc6 33. Be2 Nc4+ 34. Bxc4 dxc4 35. Qa4 cxb3 36. Bc3 Bg7 37. Ng6+ Bxg6 38. hxg6 h6 39. Qxb3 Na5 40. Qxb6 Nc4+ 0-1

[Event "*** Titled Tuesday Blitz"]
[Site "Chess.com"]
[Date "2021.03.02"]
[Round "6"]
[White "Rud_Makarian"]
[Black "atwalcb"]
[Result "0-1"]
[WhiteElo "2776"]
[BlackElo "2565"]
[TimeControl "180+1"]
[EndTime "11:07:14 PST"]
[Termination "atwalcb won by resignation"]

1. d4 d6 2. Nd2 e5 3. Ngf3 Nd7 4. e4 Ngf6 5. c3 Be7 6. Bd3 O-O 7. O-O c6 8. Re1 Qc7 9. a4 b6 10. b4 a5 11. Bb2 Bb7 12. b5 Rac8 13. Qb3 cxb5 14. Bxb5 d5 15. dxe5 Nxe4 16. c4 Ndc5 17. Qe3 Rfd8 18.
Rad1 Nxd2 19. Nxd2 Ne6 20. cxd5 Rxd5 21. Ne4 Rxd1 22.
Rxd1 Qc2 23. Re1 Qxb2 24. Nd6 Bxd6 25. exd6 Qb4 26. Rd1 Rd8 27. Qxb6 Qg4 28. f3 Bxf3 29. Rd2 Qg5 30. Qf2 Nf4 31. Qxf3 Nh3+ 32. Qxh3 Qxd2 33. d7 Qe1+ 34. Bf1 Qd1 35. Qc3 Qxd7 36. Qxa5 Qd4+ 37. Kh1 Qf2 38. Qb5 h5 39. h3 Rd1 40. Kh2 Qxf1 41. Qxh5 Qf4+ 0-1

[Event "*** Titled Tuesday Blitz"]
[Site "Chess.com"]
[Date "2021.03.02"]
[Round "6"]
[White "Meri-Arabidze"]
[Black "Niktlt"]
[Result "1-0"]
[WhiteElo "2631"]
[BlackElo "2402"]
[TimeControl "180+1"]
[EndTime "11:07:14 PST"]
[Termination "Meri-Arabidze won by resignation"]

1. d4 Nf6 2. c4 g6 3. g3 Bg7 4.
Bg2 O-O 5. Nc3 d6 6. e4 Nc6 7. Nge2 Bg4 8. f3 Bd7 9. O-O Qc8 10. Be3 Bh3 11. Qd2 Bxg2 12. Kxg2 a5 13. Rac1 Nd7 14. b3 b6 15. Bh6 e5 16. Bxg7 Kxg7 17. Nd5 f6 18. f4 exd4 19. Nxd4 Nxd4 20. Qxd4 Qb7 21.
Kg1 Rae8 22. Rce1 Qc6 23. Re2 Re6 24. Rfe1 Rfe8 25. g4 Kg8 26. Re3 Rf8 27. h4 Rf7 28.
R1e2 Qc5 29. Qxc5 bxc5 30. Nxc7 Ree7 31. Nb5 Re6 32. f5 gxf5 33. exf5 Rxe3 34. Rxe3 Ne5 35. Nxd6 Rd7 36. Ne4 Kf7 37. g5 Rd1+ 38. Kg2 fxg5 39. hxg5 a4 40. Nxc5 axb3 41. axb3 Nc6 42. Rd3 Rxd3 43.
Nxd3 Nd4 44. Ne5+ Kf8 45. b4 Nxf5 46. b5 Ke7 47. Kf3 Kd6 48. Nd3 h6 49. Kf4 1-0

[Event "*** Titled Tuesday Blitz"]
[Site "Chess.com"]
[Date "2021.03.02"]
[Round "6"]
[White "AldokhinIvan"]
[Black "ARTHURMOTIVATOR"]
[Result "1-0"]
[WhiteElo "2516"]
[BlackElo "2342"]
[TimeControl "180+1"]
[EndTime "11:07:14 PST"]
[Termination "AldokhinIvan won by resignation"]

1. e4 e5 2. Nf3 Nc6 3. Bb5 a6 4. Ba4 d6 5. O-O Bd7 6. Re1 g6 7. Bxc6 bxc6 8. d4 exd4 9. Qxd4 f6 10. e5 fxe5 11. Nxe5 dxe5 12. Qxe5+ Kf7 13. Qxh8 Bg7 14.
Qxh7 Bg4 15. Nc3 Bf5 16. Bf4 Nf6 17. Qh4 Qd4 18. Bg3 Qxh4 19. Bxh4 Rb8 20. Bg3 Rxb2 21. Na4 Rxc2 22. Rec1 Rd2 23. Rxc6 Ne4 24. Rxc7+ Kg8 25.
Rxg7+ Kxg7 26. Be5+ Kf7 27. f3 Nd6 28. Rc1 Nb5 29.
g4 Be6 30. Rc6 Bd5 31. Rf6+ Ke7 32. Nc5 Nd4 33. Bxd4 Rxd4 34. Rxa6 Bxf3 35. h3 Bxg4 36. hxg4 Rxg4+ 37. Kf2 Rc4 38. Nd3 Rc5 39. Nxc5 1-0

[Event "*** Titled Tuesday Blitz"]
[Site "Chess.com"]
[Date "2021.03.02"]
[Round "6"]
[White "swisspower96"]
[Black "bratkoo"]
[Result "1-0"]
[WhiteElo "2677"]
[BlackElo "2509"]
[TimeControl "180+1"]
[EndTime "11:07:15 PST"]
[Termination "swisspower96 won on time"]

1. e4 e6 2. d4 d5 3. Nc3 Nf6 4. e5 Nfd7 5. f4 c5 6. Nf3 Nc6 7. Be3 Be7 8. Qd2 O-O 9. a3 b6 10. O-O-O Qc7 11. h4 f5 12. exf6 Nxf6 13. h5 Ng4 14. g3 Nxe3 15. Qxe3 cxd4 16. Nxd4 Nxd4 17. Qxd4 Bf6 18. Nb5 Qe7 19. Qe3 e5 20. Bg2 d4 21.
Nxd4 Bb7 22. Bxb7 Qxb7 23. fxe5 Be7 24. h6 g6 25. Kb1 Rae8 26. Qb3+ Kh8 27. Nb5 Bc5 28. Qc3 Qe7 29. b4 Bf2 30. Nd6 Qxe5 31. Qxe5+ Rxe5 32. Rhf1 Kg8 33. Nc4 Re4 34. Nd6 Re7 35.
g4 1-0

[Event "*** Titled Tuesday Blitz"]
[Site "Chess.com"]
[Date "2021.03.02"]
[Round "6"]
[White "GameOverBro"]
[Black "juancruzarias"]
[Result "0-1"]
[WhiteElo "2499"]
[BlackElo "2637"]
[TimeControl "180+1"]
[EndTime "11:07:15 PST"]
[Termination "juancruzarias won by resignation"]

1. e4 c6 2. Nc3 d5 3. Nf3 Bg4 4. h3 Bxf3 5. Qxf3 e6 6. a3 Nf6 7. d3 Nbd7 8. g4 g6 9. g5 Nh5 10. h4 Bd6 11. Bh3 Qe7 12. Qe2 Bf4 13. Bg4 Bxc1 14.
Rxc1 Ng7 15. f4 Qd6 16. e5 Qc5 17. h5 O-O-O 18. Qf2 Qxf2+ 19. Kxf2 Nf5 20. Rh3 Rhe8 21. Rch1 Nf8 22. Ne2 Kd7 23. c3 c5 24. hxg6 hxg6 25. Rh8 Ke7 26. R1h2 b5 27. Rh1 a5 28. Bf3 Rb8 29.
Ra1 Nd7 30. Rxe8+ Rxe8 31. Rh1 Rb8 32. Bg4 b4 33. axb4 axb4 34. Ra1 bxc3 35. bxc3 Rb2 36. Bxf5 gxf5 37. Ra7 Ke8 38. Ke3 Nb6 39. Rc7 d4+ 40.
Kf3 c4 41. Nxd4 cxd3 42. g6 fxg6 43. Nxe6 Nd5 44. Ng7+ Kf8 45. Ne6+ Kg8 46. Rg7+ Kh8 47. Rxg6 d2 48. Rg1 Nxc3 49. Rh1+ Kg8 50. Rg1+ Kf7 51.
Ng5+ Ke8 0-1

[Event "*** Titled Tuesday Blitz"]
[Site "Chess.com"]
[Date "2021.03.02"]
[Round "6"]
[White "German_Bazeev"]
[Black "KruHor"]
[Result "1-0"]
[WhiteElo "2732"]
[BlackElo "2536"]
[TimeControl "180+1"]
[EndTime "11:07:16 PST"]
[Termination "German_Bazeev won on time"]

1. d4 Nf6 2. Nf3 d5 3. c4 dxc4 4. e3 Bg4 5. Bxc4 e6 6. h3 Bh5 7. Be2 Nbd7 8. O-O c5 9. Nc3 Rc8 10. d5 exd5 11. Nxd5 c4 12. e4 Bc5 13. Bg5 h6 14.
Bh4 g5 15. Nxg5 Bxe2 16. Qxe2 hxg5 17. Bxg5 Rg8 18. h4 Be7 19. Rad1 Nxd5 20. exd5 Rxg5 21. hxg5 Kf8 22. Qh5 Kg8 23. g6 Nf6 24. gxf7+ Kg7 25. Qh3 Bd6 26. Rfe1 Rc7 27. Re6 Rxf7 28. Rd4 Bb8 29. Qf5 Qh8 30. g3 Qh6 31. Rh4 Qg6 32. Qxg6+ Kxg6 33. Rxc4 Kf5 34. Rd4 Nxd5 35. Re8 1-0

[Event "*** Titled Tuesday Blitz"]
[Site "Chess.com"]
[Date "2021.03.02"]
[Round "6"]
[White "Ghost_Pepper"]
[Black "StockholmMissile"]
[Result "0-1"]
[WhiteElo "2380"]
[BlackElo "2588"]
[TimeControl "180+1"]
[EndTime "11:07:16 PST"]
[Termination "StockholmMissile won by resignation"]

1. e4 e5 2. Nf3 Nc6 3. Bc4 Bc5 4. b4 Bxb4 5. c3 Ba5 6. d4 exd4 7. O-O Bxc3 8.
Nxc3 dxc3 9. Qb3 Qe7 10. Qxc3 Nf6 11. e5 Ne4 12. Qc2 Nc5 13. Bg5 Nd4 14. Nxd4 Qxg5 15. Bxf7+ Kxf7 16. Qxc5 Re8 17. Qc4+ Kf8 18. f4 Qe7 19. Rae1 b6 20. f5 Qc5 21. Qd3 Ba6 22. Qe3 Bxf1 23. Kxf1 Kg8 24. f6 gxf6 25. Qg3+ Kh8 26. Nf5 Rg8 27. Qh4 Raf8 28. Nh6 fxe5+ 29. Ke2 Rg6 30. Rf1 Qb5+ 31. Ke3 Qxf1 32. Qe7 Qf2+ 33.
Ke4 Rxh6 34. Qxe5+ Qf6 0-1

[Event "*** Titled Tuesday Blitz"]
[Site "Chess.com"]
[Date "2021.03.02"]
[Round "6"]
[White "francyIM"]
[Black "Angry_Twin"]
[Result "1-0"]
[WhiteElo "2705"]
[BlackElo "2883"]
[TimeControl "180+1"]
[EndTime "11:07:17 PST"]
[Termination "francyIM won by resignation"]

1. Nf3 Nf6 2. g3 d5 3. b3 Bf5 4. Bb2 e6 5. d3 h6 6. Nbd2 Be7 7.
Bg2 O-O 8. O-O c5 9. c4 Nc6 10. cxd5 exd5 11. Rc1 Rc8 12. a3 d4 13. Nc4 Be6 14. Nfe5 Nxe5 15. Nxe5 Bd5 16. Nf3 Re8 17. b4 b6 18. a4 Bf8 19. b5 Qd7 20. Re1 Re7 21.
e4 dxe3 22. fxe3 Qe6 23. Qe2 Rd8 24. e4 Bb3 25. a5 Ba4 26. d4 Qxe4 27. Qc4 Bxb5 28.
Rxe4 Bxc4 29. Rxe7 Bxe7 30. Rxc4 b5 31. Rc2 c4 32. Ne5 Bd6 33. Nc6 Rd7 34. a6 Rc7 35. d5 Nd7 36. Bd4 Bc5 37. Bxc5 Nxc5 38. Nd4 Nxa6 39. Nxb5 Rb7 40. Na3 Rb3 41. Nxc4 Rb1+ 42. Kf2 Nb4 43. Rd2 Rc1 44. d6 1-0

[Event "*** Titled Tuesday Blitz"]
[Site "Chess.com"]
[Date "2021.03.02"]
[Round "6"]
[White "GianmarcoVaR"]
[Black "champ2005"]
[Result "0-1"]
[WhiteElo "2630"]
[BlackElo "2993"]
[TimeControl "180+1"]
[EndTime "11:07:17 PST"]
[Termination "champ2005 won by resignation"]

1. d4 Nf6 2. Nf3 g6 3. Bg5 Bg7 4. Nbd2 d5 5. e3 O-O 6. Bh4 Bf5 7. Be2 Nbd7 8. b4 a5 9. b5 a4 10. O-O c6 11. bxc6 bxc6 12. c4 Qa5 13. Qc1 Rfb8 14. Qa3 Bf8 15. Rfc1 e5 16. c5 e4 17. Nc4 dxc4 18. Ne5 Nxe5 19. Bxf6 Nd3 20. Rxc4 Qd2 21. Bxd3 exd3 22. d5 cxd5 23. Rcc1 Qb4 24. Qxb4 Rxb4 25. f3 Rc4 26. g4 Be6 27. Bd4 Bg7 28. Bxg7 Kxg7 29.
Rd1 d4 30. Rxd3 dxe3 31. Rxe3 Rxc5 32. Re2 Rac8 33. Kf2 Rc2 34. a3 Rxe2+ 35. Kxe2 Rc2+ 36. Ke3 Rxh2 37. g5 Rb2 38. Kf4 Rb3 39. Kg3 Bd5 40.
Rc1 Rxf3+ 41. Kg4 Rxa3 42. Rd1 Bf3+ 43. Kh4 h6 44. Rg1 hxg5+ 45. Kxg5 f6+ 46. Kf4 g5+ 47. Kf5 Bd5 48. Kg4 Kg6 49. Re1 Ra2 50. Rf1 Be6+ 51.
Kg3 Ra3+ 52. Kh2 Rh3+ 53. Kg2 a3 54. Re1 Bf5 55. Ra1 Rb3 56. Kh2 g4 57. Kg2 Be4+ 58.
Kh2 Kg5 59. Ra2 Rb2+ 60. Kg3 Rg2+ 61. Rxg2 Bxg2 62. Kf2 a2 63. Kg3 a1=Q 64. Kh2 Qh1+ 65. Kg3 Qh3+ 66. Kf2 g3+ 67. Ke3 Ba8 68. Ke2 g2 69.
Kf2 Qf3+ 70. Kg1 Qf1+ 0-1

[Event "*** Titled Tuesday Blitz"]
[Site "Chess.com"]
[Date "2021.03.02"]
[Round "6"]
[White "RaphCamora"]
[Black "GarciaIsaac"]
[Result "1-0"]
[WhiteElo "2368"]
[BlackElo "2549"]
[TimeControl "180+1"]
[EndTime "11:07:17 PST"]
[Termination "RaphCamora won by resignation"]

1. e4 c5 2. Nf3 Nc6 3. d4 cxd4 4. Nxd4 Nf6 5. Nc3 d6 6. Bg5 a6 7. Qd2 Bd7 8. O-O-O e6 9. f4 Be7 10. Nf3 Rc8 11. e5 dxe5 12. fxe5 Ng4 13. Ne4 Bxg5 14. Nd6+ Kf8 15. Nxg5 Ngxe5 16. Nxc8 Qxc8 17. Qd6+ Kg8 18. Nf3 Nxf3 19. Qxd7 Qxd7 20. Rxd7 Nfe5 21. Rxb7 a5 22. Bb5 h5 23. Bxc6 Nxc6 24. Rc7 Ne5 25. Rc8+ Kh7 26. Rc5 f6 27. Rxa5 Rc8 28. Ra6 Nd3+ 29. Kb1 Nc5 30. Ra7 e5 31. a4 e4 32. b4 Ne6 33. Re7 Rc6 34. b5 Rd6 35. Re1 Nc5 36. a5 f5 37.
Re5 Na4 38. Rxf5 Kg6 39. Re5 Rd4 40. b6 Rb4+ 41. Kc1 Nc3 42. Kd2 Na4 43. R5xe4 Rxe4 44. Rxe4 Nc5 45. Rc4 1-0

[Event "*** Titled Tuesday Blitz"]
[Site "Chess.com"]
[Date "2021.03.02"]
[Round "6"]
[White "Kobalia"]
[Black "AryanTari"]
[Result "1-0"]
[WhiteElo "2707"]
[BlackElo "2885"]
[TimeControl "180+1"]
[EndTime "11:07:18 PST"]
[Termination "Kobalia won on time"]

1. e4 c6 2. Nf3 d5 3. exd5 cxd5 4.
Ne5 Nf6 5. d4 g6 6. Bb5+ Nbd7 7.
O-O Bg7 8. Re1 O-O 9. Nf3 Nb8 10. h3 Nc6 11. c3 Ne4 12. Nbd2 Nxd2 13. Bxd2 Qb6 14.
Qb3 e6 15. Bd3 Qc7 16. Qd1 a6 17. Qc1 b5 18. Bh6 Qe7 19. Qf4 Bxh6 20. Qxh6 Qf6 21. Ne5 Nxe5 22. Rxe5 Qg7 23. Qf4 Bd7 24. h4 Rae8 25.
Rae1 f6 26. R5e3 e5 27. dxe5 fxe5 28. Qg3 e4 29. Bc2 Qf6 30. Bb3 Be6 31. f3 Rd8 32. fxe4 d4 33. Rf3 Qe7 34. Rxf8+ Rxf8 35. Qe5 Re8 36. Bxe6+ Qxe6 37. Qxe6+ Rxe6 38. cxd4 Rc6 39. Re2 Kf7 40. Kf2 Rc1 41. Ke3 Ke6 42. e5 Kd5 43.
Kd2 Rc8 44. Kd3 Rc4 45. e6 Rxd4+ 46. Kc3 Rc4+ 47. Kb3 Rc8 48. e7 Re8 49. Kb4 Kc6 50. Ka5 Kb7 51. g4 h6 52. Re6 g5 53. h5 Kc7 54. Kxa6 Kd7 55. Re4 1-0

[Event "*** Titled Tuesday Blitz"]
[Site "Chess.com"]
[Date "2021.03.02"]
[Round "6"]
[White "FMLorneTwitch"]
[Black "Homyakova_Elena"]
[Result "0-1"]
[WhiteElo "2320"]
[BlackElo "2306"]
[TimeControl "180+1"]
[EndTime "11:07:18 PST"]
[Termination "Homyakova_Elena won on time"]

1. d4 Nf6 2. Bg5 Ne4 3. Bf4 c5 4. f3 Nf6 5. d5 d6 6. c4 g6 7. Nc3 Bg7 8. e4 O-O 9. Bd3 e6 10. Nge2 exd5 11. exd5 a6 12. O-O b5 13. cxb5 axb5 14. Bxb5 Ba6 15. Qd2 Qb6 16. a4 Bxb5 17.
Nxb5 Rd8 18. Nec3 Na6 19. Rfe1 Nb4 20. Re7 Bf8 21. Re2 Qb7 22. b3 Nfxd5 23. Nxd5 Qxd5 24. Rd1 Qxb3 25. Nc3 d5 26. Rb1 Qc4 27. Bg5 Re8 28. Rbe1 Rxe2 29. Rxe2 Bg7 30. Nb5 d4 31. Nd6 Qc3 32.
Qf4 Qb3 33. Re7 Rf8 34. Bf6 Qd1+ 35. Kf2 Qc2+ 36. Kg3 Nd3 0-1

[Event "*** Titled Tuesday Blitz"]
[Site "Chess.com"]
[Date "2021.03.02"]
[Round "6"]
[White "beautroll"]
[Black "beto-betun"]
[Result "1-0"]
[WhiteElo "2455"]
[BlackElo "2205"]
[TimeControl "180+1"]
[EndTime "11:07:18 PST"]
[Termination "beautroll won on time"]

1. e4 c5 2. Nf3 d6 3. d4 cxd4 4. Nxd4 Nf6 5. Nc3 a6 6. h3 e5 7. Nde2 h5 8. Bg5 Be7 9. Bxf6 gxf6 10. Nd5 f5 11. Nec3 fxe4 12. Be2 Be6 13. Nxe4 Nc6 14.
Nxe7 Kxe7 15. Ng5 Nd4 16. c3 Nxe2 17. Qxe2 Rc8 18. Nxe6 Kxe6 19. O-O-O Qa5 20. Kb1 Qb5 21. Qd2 Rc6 22. f4 Rhc8 23. Rhe1 f6 24. g4 hxg4 25. hxg4 Rb6 26. b3 a5 27. f5+ Kd7 28. g5 fxg5 29. Qxg5 Kc7 30. Qe7+ Kb8 31. Rxd6 Rcc6 32.
Rd8+ Ka7 33. Qe8 Ra6 34. Ra8+ Kb6 35. Qd8+ Rc7 36. c4 1-0

[Event "*** Titled Tuesday Blitz"]
[Site "Chess.com"]
[Date "2021.03.02"]
[Round "6"]
[White "pirulillo"]
[Black "Nuvas"]
[Result "0-1"]
[WhiteElo "2261"]
[BlackElo "2550"]
[TimeControl "180+1"]
[EndTime "11:07:19 PST"]
[Termination "Nuvas won by checkmate"]

1. e4 c5 2. Nf3 d6 3. d4 cxd4 4. Nxd4 Nf6 5. Nc3 a6 6. Be2 e6 7.
O-O Nbd7 8. Kh1 b5 9. a3 Bb7 10. Bd3 Be7 11. f4 O-O 12. Qe2 Nc5 13. Nf3 Rc8 14.
Bd2 d5 15. e5 Nfe4 16. Bxe4 dxe4 17. Ng5 Bxg5 18. fxg5 Qc7 19. Bf4 Rfd8 20. Nd1 Nd7 21. Ne3 Qc5 22. Qh5 Rf8 23. Ng4 Qxc2 24. Rf2 Qc5 25.
Be3 Qd5 26. Rd2 Qc6 27. Rf1 Kh8 28. Nf6 gxf6 29. gxf6 Rg8 30. Rdf2 Nf8 31. Rf4 Ng6 32. Rg4 Qc2 33. Bh6 e3 34. Bg7+ Rxg7 35. fxg7+ Kxg7 36. Rxf7+ Kxf7 37. Qxh7+ Ke8 38. Qxg6+ Qxg6 39. Rxg6 Rc1# 0-1

[Event "*** Titled Tuesday Blitz"]
[Site "Chess.com"]
[Date "2021.03.02"]
[Round "6"]
[White "wonderfultime"]
[Black "Witik"]
[Result "1-0"]
[WhiteElo "2919"]
[BlackElo "2714"]
[TimeControl "180+1"]
[EndTime "11:07:20 PST"]
[Termination "wonderfultime won by resignation"]

1. d4 d5 2. Nf3 e6 3. Bf4 Bd6 4. e3 Bxf4 5. exf4 c5 6. c3 Qc7 7.
Qd2 Nf6 8. Bd3 O-O 9. O-O b6 10. Re1 Ba6 11. Bc2 Nc6 12. Qe3 Rac8 13. Na3 Ne7 14. Rad1 Nf5 15. Qd2 Ne4 16. Qc1 Rfe8 17. Nb1 cxd4 18. Nxd4 Nfd6 19. Nd2 Nf6 20. N2f3 b5 21.
a3 Qb6 22. Ne5 Bb7 23. Re3 a5 24. Rg3 Nde4 25. Re3 b4 26. axb4 axb4 27. Ba4 Red8 28. f3 Nd6 29. Bc2 g6 30. Qd2 bxc3 31. bxc3 Nc4 32.
Nxc4 Rxc4 33. Bd3 Rcc8 34. Bf1 Kg7 35. Qf2 Ba6 36. Rxe6 Rd6 37. Nf5+ gxf5 38. Qxb6 Rdc6 39. Rxc6 1-0

[Event "*** Titled Tuesday Blitz"]
[Site "Chess.com"]
[Date "2021.03.02"]
[Round "6"]
[White "Babujj"]
[Black "FredyMatsuura"]
[Result "1-0"]
[WhiteElo "2457"]
[BlackElo "2324"]
[TimeControl "180+1"]
[EndTime "11:07:20 PST"]
[Termination "Babujj won by resignation"]

1. e4 c5 2. Nf3 d6 3. d4 cxd4 4. Qxd4 Nf6 5. e5 dxe5 6. Qxd8+ Kxd8 7. Nxe5 Ke8 8. Nc3 a6 9. Bg5 Nbd7 10. Nd3 e6 11.
O-O-O Nc5 12. Nxc5 Bxc5 13. Ne4 Be7 14. Nd6+ Bxd6 15.
Rxd6 h6 16. Bxf6 gxf6 17. Be2 b6 18. Rxb6 Ke7 19. Rd1 Ra7 20. c4 Bd7 21. b4 a5 22. b5 Rc8 23. a4 Rc5 24. Kb2 e5 25. Rd5 Rc8 26. Rdd6 Be6 27. Rdc6 Rd8 28. Kc3 f5 29.
Ra6 Rad7 30. b6 Rd2 31. Rc7+ Kf6 32. Bf1 Rd1 33. b7 Rxf1 34. Rc8 Rdd1 35. b8=Q Rc1+ 36. Kd2 f4 37. Rxe6+ Kxe6 38. Re8+ Kf5 39. Qxe5+ 1-0

[Event "*** Titled Tuesday Blitz"]
[Site "Chess.com"]
[Date "2021.03.02"]
[Round "6"]
[White "Nayemhaque22"]
[Black "SanchezKelvin"]
[Result "0-1"]
[WhiteElo "2305"]
[BlackElo "2442"]
[TimeControl "180+1"]
[EndTime "11:07:20 PST"]
[Termination "SanchezKelvin won by resignation"]

1. d4 Nf6 2. Nf3 c5 3. c3 d5 4. Bf4 Nc6 5. Nbd2 Qb6 6. dxc5 Qxb2 7. Nb3 Qxc3+ 8. Bd2 Qc4 9. e3 Qa4 10. Nfd4 Nxd4 11.
exd4 Bg4 12. Be2 Bxe2 13. Qxe2 e6 14. Na5 Qxd4 15. Qb5+ Nd7 16. Rc1 Bxc5 17. Nxb7 Qxf2+ 18. Kd1 a6 19. Qc6 Qxg2 20. Nxc5 O-O 21. Re1 Nxc5 22. Qxc5 Qxh2 23. Qg1 Qh5+ 24. Re2 e5 25. Rc5 Rad8 26. Qg2 e4 27. Qxe4 Rfe8 28. Qxe8+ Rxe8 29. Be3 Qh1+ 30. Re1 Qf3+ 31. Kd2 h6 32. Rc3 d4 33.
Bxd4 Qg2+ 34. Kd1 Rxe1+ 35. Kxe1 Qe4+ 36. Be3 Qb1+ 37. Ke2 Qxa2+ 38. Bd2 Qe6+ 39. Re3 Qc4+ 40. Ke1 g5 41. Rh3 Qe6+ 42. Re3 Qxe3+ 43. Bxe3 Kg7 44.
Kf2 Kg6 45. Kf3 f5 46. Bc5 f4 47. Ke4 h5 48. Bb6 h4 49. Bc7 h3 50. Kf3 Kf5 51.
Kf2 g4 52. Kg1 g3 53. Kh1 Kg4 54. Kg1 f3 55. Bb6 h2+ 56. Kh1 Kh3 0-1

[Event "*** Titled Tuesday Blitz"]
[Site "Chess.com"]
[Date "2021.03.02"]
[Round "6"]
[White "Zkid"]
[Black "FairChess_on_YouTube"]
[Result "0-1"]
[WhiteElo "2825"]
[BlackElo "2955"]
[TimeControl "180+1"]
[EndTime "11:07:21 PST"]
[Termination "FairChess_on_YouTube won on time"]

1. e4 e5 2. Nf3 Nc6 3. Bc4 Bc5 4. O-O Nf6 5. d3 d6 6. c3 a6 7. a4 Ba7 8. Nbd2 h6 9. b4 g5 10. Bb2 Ne7 11. d4 Ng6 12. b5 g4 13. Ne1 a5 14. Nd3 h5 15. dxe5 Nxe5 16. Nxe5 dxe5 17. Ba3 g3 18. Qb3 Rh7 19. Nf3 gxf2+ 20. Kh1 Ng4 21. h3 Qf6 22. b6 Qxb6 23. Bb5+ c6 24. Ng5 Rg7 25. Rad1 cxb5 26. Qd5 Rxg5 27. hxg4 hxg4 28. g3 Be6 29. Qd2 Rh5+ 30. Kg2 Rd8 31. Qe2 Bc4 32.
Qxg4 Bxf1+ 33. Rxf1 Qg6 34. Qe2 Qh7 35. Qxb5+ Rd7 36.
Kf3 Rh1 37. Qxe5+ Kd8 0-1

[Event "*** Titled Tuesday Blitz"]
[Site "Chess.com"]
[Date "2021.03.02"]
[Round "6"]
[White "A-Fier"]
[Black "ukchessbomber"]
[Result "1-0"]
[WhiteElo "2785"]
[BlackElo "2543"]
[TimeControl "180+1"]
[EndTime "11:07:21 PST"]
[Termination "A-Fier won by checkmate"]

1. d4 Nf6 2. Bg5 d5 3. Bxf6 exf6 4. e3 Bd6 5. g3 O-O 6. Bg2 c6 7. Ne2 Nd7 8. O-O f5 9. b3 Nf6 10. c4 Re8 11. Nbc3 Bb8 12. cxd5 cxd5 13. Nf4 Be6 14. Qd3 Ne4 15. Rac1 a6 16. Na4 Bd7 17. Nc3 Bc6 18. Rc2 Qa5 19. Rfc1 Qd8 20. b4 Bxf4 21. exf4 Rc8 22.
a3 h5 23. h4 Qf6 24. Nd1 Qd6 25. Ne3 g6 26. Qb3 Kg7 27. a4 Qd7 28. b5 axb5 29.
axb5 Bxb5 30. Rxc8 Rxc8 31. Rxc8 Qxc8 32. Qxb5 Qc1+ 33.
Nf1 Qe1 34. Bxe4 Qxe4 35. Qxb7 Qxd4 36. Ne3 Qa1+ 37. Kg2 d4 38. Nc4 Qa2 39. Ne5 Kg8 40. Qd7 f6 41. Nxg6 Qf7 42. Ne7+ Kf8 43. Qd8+ Kg7 44.
Nxf5+ Kh7 45. Nxd4 f5 46. Nf3 Kg6 47. Ne5+ Kh7 48.
Nxf7 Kg7 49. Ne5 Kh7 50. Qe7+ Kh8 51. Qf8+ Kh7 52. Qf7+ Kh8 53. Ng6# 1-0

[Event "*** Titled Tuesday Blitz"]
[Site "Chess.com"]
[Date "2021.03.02"]
[Round "6"]
[White "ama18"]
[Black "stepakyedael"]
[Result "1-0"]
[WhiteElo "2462"]
[BlackElo "2328"]
[TimeControl "180+1"]
[EndTime "11:07:21 PST"]
[Termination "ama18 won on time"]

1. e4 c5 2. Nf3 e6 3. d4 cxd4 4. Nxd4 a6 5. c4 Qc7 6. Nc3 Nf6 7. Be2 b6 8. Be3 Bb7 9. f3 Bd6 10. g3 h5 11. Kf1 Bb4 12. Qd3 Nc6 13. a3 Ne5 14. Qd2 Be7 15. b3 Rc8 16. Bf4 d6 17. Rc1 Rd8 18. Kg2 h4 19. Be3 h3+ 20. Kf2 Qb8 21.
Rhf1 Qa8 22. Kg1 d5 23. cxd5 exd5 24. exd5 Bxa3 25. Ra1 Bb4 26. f4 Nxd5 27. Nxd5 Bxd2 28.
Nc7+ Kf8 29. Bxd2 Qc8 30. Rac1 Qd7 31. Be3 Ng4 32. Bxg4 Qxg4 33. Rf2 Rxd4 34. Bxd4 Qf5 35. Be3 1-0

[Event "*** Titled Tuesday Blitz"]
[Site "Chess.com"]
[Date "2021.03.02"]
[Round "6"]
[White "TimKett"]
[Black "davigator"]
[Result "0-1"]
[WhiteElo "2188"]
[BlackElo "2397"]
[TimeControl "180+1"]
[EndTime "11:07:21 PST"]
[Termination "davigator won on time"]

1. e4 c5 2. Nf3 Nc6 3. d4 cxd4 4. Nxd4 Nf6 5. Nc3 d6 6. Bc4 Bd7 7. Be3 Rc8 8. Qe2 a6 9. O-O-O Na5 10. Bb3 e6 11. g4 Rxc3 12. bxc3 Nxe4 13. Qd3 Nc5 14. Qe2 Be7 15. h4 Qc7 16. Kb2 O-O 17. g5 d5 18. h5 Rc8 19. g6 Na4+ 20. Kc1 Nxc3 21.
gxf7+ Kh8 22. Qd3 Ba3+ 23. Kd2 Ne4+ 24. Ke2 Nxb3 25. axb3 e5 26. h6 Bf8 27. hxg7+ Bxg7 28. Rdg1 Rf8 29. Rxg7 Kxg7 30. Bh6+ Kxf7 31. Qf3+ Nf6 32. Bxf8 exd4 33. Rxh7+ Ke8 34. Qxf6 Qxc2+ 35. Kf3 Qxh7 36.
Bd6 Qf7 37. Qxf7+ Kxf7 38. Kf4 Ke6 39. Bc5 d3 40. Ke3 Bb5 41. f3 Ke5 42. b4 Ke6 0-1

[Event "*** Titled Tuesday Blitz"]
[Site "Chess.com"]
[Date "2021.03.02"]
[Round "6"]
[White "ulkaf961"]
[Black "1977Ivan"]
[Result "0-1"]
[WhiteElo "2403"]
[BlackElo "2769"]
[TimeControl "180+1"]
[EndTime "11:07:22 PST"]
[Termination "1977Ivan won by resignation"]

1. d4 Nf6 2. c4 c5 3. d5 g6 4. Nc3 Bg7 5. e4 d6 6. f4 O-O 7. Be2 e6 8. Nf3 exd5 9. cxd5 Nbd7 10. O-O Re8 11. Nd2 c4 12. Bf3 b5 13. Kh1 Nc5 14. e5 dxe5 15. fxe5 Rxe5 16. Nxb5 Nfe4 17. Nxe4 Nxe4 18. Bf4 Rxd5 19. Bxe4 Rxd1 20. Raxd1 Qb6 21. Bxa8 Bg4 22. Bc7 Qxb5 23. Rd8+ Bf8 24. Bd6 f5 25. Rxf8+ Kg7 26. Re1 Kh6 27. Bf4+ g5 28. Rf6+ Kh5 29. Bc6 Qb4 30. Be8+ Kh4 31. Rh6+ Bh5 32. g3+ Kh3 33. Rxh5+ Kg4 34. Rxg5+ Kf3 35. Bh5+ Kf2 36. Re2+ Kf1 37. Bd2 Qb7+ 0-1

[Event "*** Titled Tuesday Blitz"]
[Site "Chess.com"]
[Date "2021.03.02"]
[Round "6"]
[White "UCantHandleDenker"]
[Black "Zemerovv"]
[Result "0-1"]
[WhiteElo "2539"]
[BlackElo "2307"]
[TimeControl "180+1"]
[EndTime "11:07:22 PST"]
[Termination "Zemerovv won by resignation"]

1. Nf3 d5 2. g3 Nf6 3. d3 g6 4. Bg2 Bg7 5. O-O O-O 6. Nbd2 c5 7. e4 Nc6 8. Re1 dxe4 9. dxe4 e5 10. c3 h6 11. Qc2 Be6 12. Bf1 Qc7 13. Nc4 b5 14. Ne3 a6 15. Nh4 Rad8 16. Bg2 c4 17. Nf1 Nd7 18. Be3 Rfe8 19. Rad1 Bf8 20. Qc1 Kh7 21. h3 Nc5 22. Bxc5 Bxc5 23. Ne3 Bxe3 24. Qxe3 Rxd1 25. Rxd1 Rd8 26. Rxd8 Nxd8 27. Nf3 Qd6 28. Bf1 Nb7 29. Qa7 Nc5 30. Be2 Kg7 31. Qa8 Nd3 32. h4 Nxb2 33.
h5 gxh5 34. Nh4 Nd3 35. Bxh5 Ne1 36. Qe8 Qd7 37. Qb8 Nd3 38. Qb6 Qc8 39. Qe3 Qc5 40.
Qe2 Kf8 41. Kg2 Qa3 42. Qe3 Qc1 43. Qxh6+ Qxh6 0-1

[Event "*** Titled Tuesday Blitz"]
[Site "Chess.com"]
[Date "2021.03.02"]
[Round "6"]
[White "eduardoperalta"]
[Black "DrVelja"]
[Result "0-1"]
[WhiteElo "2536"]
[BlackElo "2831"]
[TimeControl "180+1"]
[EndTime "11:07:23 PST"]
[Termination "DrVelja won by checkmate"]

1. d4 g6 2. c4 Bg7 3. Nc3 d6 4. e4 Nf6 5. f3 O-O 6. Bg5 c6 7. Qd2 a6 8. Rc1 b5 9. b3 Nbd7 10. Nh3 e5 11. d5 cxd5 12. Nxd5 Bb7 13. Nf2 Rc8 14. Be2 Nc5 15. O-O bxc4 16. Bxc4 Bxd5 17.
Bxd5 Qb6 18. Bxf6 Bxf6 19. Kh1 Ne6 20. Bxe6 fxe6 21. Ng4 Be7 22. Rxc8 Rxc8 23. Rd1 h5 24. Nf2 Kg7 25. Nd3 Qd4 26. h3 Qc3 27. Qxc3 Rxc3 28.
Kg1 Rc2 29. Nb4 Rb2 30. Nxa6 Rxa2 31. Nc7 Rc2 32. Nb5 Rc6 33. Kf1 Rb6 34. Nc7 Rc6 35. Nb5 Rb6 36. Nc7 Rxb3 37. Nxe6+ Kf7 38. Nc7 Rb2 39.
Nd5 Bh4 40. Kg1 Bg3 41. Ra1 g5 42. Rc1 Kg6 43. Ra1 g4 44. Ne7+ Kg5 45. hxg4 hxg4 46. Nf5 gxf3 47. gxf3 Kf4 48. Ra3 d5 49. Nxg3 Kxg3 50.
exd5 Rb1# 0-1